 Dungeon Crawl Stone Soup version 0.28-a0-422-gd71735cc25 (webtiles) character file.

Game seed: 2941632391298826119

65604 heikuro the Carver (level 15, -16/121 HPs)
             Began as a Formicid Fighter on Sept 8, 2021.
             Was a High Priest of Yredelemnul.
             Demolished by Tiah's ghost (21 damage)
             ... on level 5 of the Lair of Beasts.
             The game lasted 01:19:31 (31042 turns).

heikuro the Carver (Formicid Fighter)              Turns: 31042, Time: 01:19:31

Health: -16/121    AC: 44    Str: 24    XL:     15   Next: 58%
Magic:  24/24      EV:  5    Int: 10    God:    Yredelemnul [*****.]
Gold:   1011       SH: 12    Dex: 14    Spells: 14/14 levels left

rFire   . . .      SeeInvis +   a - +3 long sword (protect)
rCold   . . .      Faith    .   c - +0 buckler
rNeg    . . .      Spirit   .   n - +0 crystal plate armour
rPois   .          Reflect  +   (helmet unavailable)
rElec   .          Harm     .   U - +2 cloak {Will+}
rCorr   .          Rampage  .   O - +0 pair of gloves {Dex+3}
Will    ++...                   k - +0 pair of boots
Stlth   ..........              l - amulet of reflection
HPRegen 0.30/turn               e - +4 ring of protection
MPRegen 0.19/turn               T - +4 ring of protection

@: mighty, under a protective aura
A: permanent stasis, dig shafts and tunnels, antennae 3, four strong arms,
mutation resistance 1, shaggy fur 1, no potion heal 1, MP-powered wands
a: Dig, Shaft Self, Renounce Religion, Recall Undead Slaves, Injury Mirror,
Animate Dead, Drain Life, Enslave Soul


You were on level 5 of the Lair of Beasts.
You worshipped Yredelemnul.
Yredelemnul was extremely pleased with you.
You visited 3 branches of the dungeon, and saw 21 of its levels.
You visited 1 bazaar.
You also visited: Sewer.

You collected 1364 gold pieces.
You spent 353 gold pieces at shops.

Inventory:

Hand Weapons
 a - a +3 long sword of protection (weapon)
 b - the +4 fustibalus "Besairergh" {venom, Str+7}
   (You found it on level 14 of the Dungeon)

   Any ammunition fired from it poisons the flesh of those it strikes.
   Str:       It affects your strength (+7).
 u - a +1 scimitar of draining
 A - a +4 scimitar of flaming
 R - a +1 long sword of freezing
Missiles
 i - 94 poisoned darts (quivered)
 q - 254 sling bullets
 E - 7 curare-tipped darts
 Z - 3 throwing nets
Armour
 c - a +0 buckler (worn)
 k - a +0 pair of boots (worn)
 n - a +0 crystal plate armour (worn)
 K - the +2 cloak of the Thief {*Fog Slay-2 SInv Stlth+}
   (You found it on level 9 of the Dungeon)

   It may release a thick cloud of smoke when the wearer is hurt.
   Slay:      It affects your accuracy & damage with ranged weapons and melee
   (-2).
   SInv:      It lets you see invisible.
   Stlth:     It makes you more stealthy.
 O - a +0 pair of gloves of dexterity (worn)
 U - a +2 cloak of willpower (worn)
Jewellery
 e - a +4 ring of protection (left hand)
 f - an amulet of the acrobat
 l - an amulet of reflection (around neck)
 t - a ring of protection from cold
 T - a +4 ring of protection (right hand)
Wands
 p - a wand of iceblast (20)
 s - a wand of acid (10)
 J - a wand of charming (5)
 Q - a wand of mindburst (6)
 Y - a wand of paralysis (10)
Scrolls
 g - 5 scrolls of magic mapping
 h - a scroll of enchant armour {unknown}
 o - a scroll of acquirement {unknown}
 x - 5 scrolls of immolation
 y - 5 scrolls of vulnerability
 B - a scroll of silence {unknown}
 C - 2 scrolls of fog {unknown}
 M - 3 scrolls of enchant weapon
 P - a scroll of summoning {unknown}
 S - a scroll of torment {unknown}
 W - a scroll of fear {unknown}
Potions
 d - 4 potions of might
 j - 2 potions of lignification
 m - 9 potions of curing
 r - 3 potions of ambrosia
 v - 5 potions of brilliance
 w - 10 potions of heal wounds
 z - a potion of magic
 D - 9 potions of flight
 F - 3 potions of cancellation
 H - a potion of invisibility
 I - 2 potions of resistance
Miscellaneous
 G - a condenser vane (inert)
 L - a tin of tremorstones (1/2)
 N - a box of beasts


   Skills:
 + Level 12.2 Fighting
 - Level 14.0 Long Blades
 + Level 6.4 Slings
 + Level 12.2 Armour
 + Level 13.2 Shields
 + Level 12.3 Invocations
 - Level 2.2 Evocations


You had 14 spell levels left.
You didn't know any spells.
Your spell library contained the following spells:

 Spells                   Type           Power      Damage    Failure   Level
 Sandblast                Erth           0%         2d4       100%        1
 Shock                    Conj/Air       0%         1d3       100%        1
 Static Discharge         Conj/Air       0%         N/A       100%        2
 Sublimation of Blood     Necr           0%         N/A       100%        2
 Wereblood                Tmut           0%         N/A       100%        2
 Gell's Gravitas          Tloc           0%         N/A       100%        3
 Spider Form              Tmut/Pois      0%         N/A       100%        3
 Summon Guardian Golem    Hex/Summ       0%         N/A       100%        3
 Teleport Other           Tloc           0%         N/A       100%        3
 Airstrike                Air            0%         N/A       100%        4
 Animate Armour           Summ/Erth      0%         N/A       100%        4
 Dispel Undead            Necr           0%         3d6       100%        4
 Petrify                  Tmut/Erth      0%         N/A       100%        4
 Sticky Flame             Conj/Fire      0%         2d3       100%        4
 Blade Hands              Tmut           0%         N/A       100%        5
 Dispersal                Tloc           0%         N/A       100%        6
 Iron Shot                Conj/Erth      0%         9d1       100%        6
 Orb of Destruction       Conj           0%         N/A       100%        7
 Spellforged Servitor     Conj/Summ      0%         N/A       100%        7
 Summon Hydra             Summ           0%         N/A       100%        7
 Swiftness                Air            Unusable   N/A       N/A         3

Dungeon Overview and Level Annotations

Branches:
Dungeon (14/15) Temple (1/1) D:6 Lair (6/6) D:11 Swamp (0/4) Lair:2 Snake (0/4) Lair:3 Slime (0/5) Lair:5 Orc (0/2) D:12 Vaults (0/5) D:13 D:14 Sewer (visited)

Altars:
Ashenzari
Cheibriados
Dithmenos
Elyvilon
Fedhas
Gozag
Hepliaklqana
Kikubaaqudgha
Makhleb
Nemelex Xobeh
Okawaru
Qazlal
Ru
Sif Muna
Trog
Uskayaw
Vehumet
Wu Jian
Xom
Yredelemnul
Zin
The Shining One

Shops:
D:5 (   D:11 :

Annotations:
Lair:5 Tiah's ghost, journeyman TrMo
Lair:6 exclusion: 3 doors, varamyr's ghost, journeyman DrFE


Innate Abilities, Weirdness & Mutations

You cannot be hasted, slowed, berserked, paralysed or teleported.
You can dig through walls and to a lower floor.
You have a pair of large antennae on your head. (SInv)
Your four strong arms can wield two-handed weapons with a shield.
You are somewhat resistant to further mutation.
You are covered in fur. (AC +1)
Potions are less effective at restoring your health.
You expend magic power (3 MP) to strengthen your wands.


Message History

You block Tiah's ghost's attack.
You closely miss hydrownug's ghost.
Hydrownug's ghost is heavily damaged.
You block hydrownug's ghost's attack.
You slice hydrownug's ghost!!
Hydrownug's ghost is severely damaged.
Tiah's ghost hits you but does no damage.
Hydrownug's ghost hits you but does no damage.
You are electrocuted!
* * * LOW HITPOINT WARNING * * *
You barely miss hydrownug's ghost.
Hydrownug's ghost is severely damaged.
Tiah's ghost hits you.
* * * LOW HITPOINT WARNING * * *
You slice hydrownug's ghost!!
Hydrownug's ghost is almost destroyed.
Hydrownug's ghost hits you but does no damage.
Tiah's ghost hits you.
* * * LOW HITPOINT WARNING * * *
You slash hydrownug's ghost!
Hydrownug's ghost is almost destroyed.
You block hydrownug's ghost's attack.
You barely miss hydrownug's ghost.
Hydrownug's ghost is almost destroyed.
Tiah's ghost hits you but does no damage.
Hydrownug's ghost hits you.
* * * LOW HITPOINT WARNING * * *
You slash hydrownug's ghost!
You destroy hydrownug's ghost!
Yredelemnul accepts your kill. You block Tiah's ghost's attack.
You swing at nothing.
You slice Tiah's ghost!!
Tiah's ghost is almost destroyed.
You block Tiah's ghost's attack.
You barely miss Tiah's ghost.
Tiah's ghost is almost destroyed.
Tiah's ghost hits you!!
You die...
Your body rises from the dead as a mindless zombie.

######.###### #######.......#..
♣♣...♣Z..♣...♣♣#................
#♣.Z♣...#...♣Z.♣##...........#...
#Z♣♣♣♣♣#⌠#♣♣♣♣♣.##...............
#♣..♣...#...♣.Z♣#....[.......#...
#♣♣...♣...♣..Z♣♣#................
########.########...............#
................W................
................@...........P...#
......PP...............#........#
............PP##.....###.........
.........#...####...## #P.......P
...##....#...####..#.####...#....
...####........#...P.##.#....#...
#..#..#..........................
#...#Z...#...P#.P................
............#####................


You could see Tiah's ghost.

Vanquished Creatures
  The ghost of hydrownug the Fighter, a journeyman OgWn of Ru (Lair:5)
  2 dire elephants (Lair:5)
  The ghost of FilthyApe the Bludgeoner, a journeyman MiFi of Gozag (D:12)
  2 boulder beetles
  5 hydras
  A rakshasa (D:14)
  2 two-headed ogres (D:12)
  A catoblepas (Lair:5)
  5 centaur warriors
  7 death yaks
  Urug (D:13)
  The ghost of Spaninq the Grappler, a novice TrCA of Ignis (D:7)
  A wizard (D:14)
  A deep elf pyromancer (D:14)
  A cyclops (D:13)
  2 ugly things (D:13)
  4 elephants (Lair:6)
  3 torpor snails
  4 black mambas
  A dire elephant skeleton (Lair:6)
  An unseen horror (D:7)
  11 cane toads
  An efreet (D:13)
  8 komodo dragons
  3 meliai (D:13)
  A troll (D:13)
  A hornet (D:10)
  6 slime creatures
  4 blink frogs
  3 dream sheep (Lair:5)
  3 flying skulls (Lair:4)
  2 wyverns
  18 yaks
  A shadow (D:7)
  2 basilisks
  10 humans (D:13)
  4 vampire mosquitoes
  A naga (Lair:3)
  An acid dragon (D:11)
  16 water moccasins
  2 orc warriors
  A hornet zombie (D:7)
  3 ice beasts
  A sky beast (D:6)
  A necrophage (D:6)
  3 wolves (Lair:2)
  4 ogres
  2 phantoms (D:5)
  A centaur (D:7)
  A kobold brigand (Sewer)
  Blork the orc (D:4)
  8 bullfrogs
  2 wyvern zombies
  A scorpion (D:6)
  3 water moccasin zombies
  A water moccasin skeleton (D:6)
  A killer bee (D:8)
  A wight (D:8)
  An electric eel (Lair:6)
  3 centaur zombies
  2 bullfrog zombies
  2 jellies
  6 orc priests
  2 centaur skeletons (D:4)
  A gnoll shaman (D:6)
  3 hounds
  An iron imp (D:9)
  Jessica (D:2)
  2 iguanas
  Natasha (twice) (D:2)
  4 orc wizards
  A killer bee zombie (D:6)
  2 howler monkey skeletons
  8 gnolls
  10 adders
  3 river rats (Sewer)
  3 shadow imps
  3 white imps
  A black mamba zombie (Lair:4)
  2 ufetubi (D:5)
  2 adder skeletons
  2 worms (D:6)
  3 dart slugs
  18 orcs
  5 endoplasms
  7 giant cockroaches
  5 goblins
  9 hobgoblins
  A jackal (Sewer)
  7 quokkas
  A yak zombie (Lair:4)
  10 ball pythons
  5 bats
  3 frilled lizards
  10 kobolds
  8 rats
339 creatures vanquished.

Vanquished Creatures (collateral kills)
  Jorgrun (D:12)
  4 boulder beetles
  3 hydras
  5 two-headed ogres
  A centaur warrior (D:12)
  A death yak (Lair:2)
  2 cyclopes (D:12)
  4 elephants (Lair:6)
  A torpor snail (Lair:5)
  3 black mambas
  5 cane toads
  A gargoyle (D:11)
  An efreet (D:14)
  4 komodo dragons
  A yaktaur (shapeshifter) (D:13)
  A polar bear (Lair:6)
  3 slime creatures (D:12)
  3 blink frogs (Lair:6)
  A meliai zombie (D:10)
  2 wraiths (D:12)
  2 wyverns (Lair:5)
  A vampire (D:10)
  20 yaks
  6 humans
  2 water elementals (D:12)
  4 vampire mosquitoes
  Edmund (D:3)
  A naga (Lair:3)
  2 acid dragons (D:10)
  Duvessa (D:3)
  7 water moccasins
  An ice beast (D:5)
  6 orc warriors
  A sky beast (D:7)
  2 black bears
  An ogre (D:5)
  A wolf (Lair:2)
  7 centaurs
  A kobold brigand (D:9)
  4 bullfrogs
  A water moccasin zombie (D:5)
  Dowan (D:3)
  10 killer bees
  6 wights (D:8)
  3 electric eels
  2 centaur zombies
  A hound (D:7)
  5 orc priests
  A bullfrog skeleton (D:5)
  2 iron imps (D:9)
  2 jellies (Lair:5)
  A centaur skeleton (D:7)
  8 orc wizards
  Natasha (D:2)
  3 howler monkey zombies
  A gnoll (D:5)
  A howler monkey skeleton (D:5)
  An adder (D:5)
  30 orcs
  A bat (D:2)
  2 endoplasms
  2 goblins
  2 jackals
  8 kobolds
  A frilled lizard (D:2)
  A rat (D:2)
215 creatures vanquished.

Vanquished Creatures (others)
  A skeletal warrior (Lair:2)
  A flayed ghost (Lair:6)
  A phantasmal warrior (Lair:5)
  3 vampires
  13 flying skulls
  A wight (D:13)
  2 dire elephant zombies (Lair:5)
  3 black mamba zombies
  A catoblepas zombie (Lair:5)
  A dwarf zombie (D:12)
  2 hydra zombies
  A mummy (D:12)
  5 cane toad zombies
  2 boulder beetle zombies
  An elf zombie (D:14)
  An ugly thing zombie (D:13)
  2 torpor snail zombies (Lair:5)
  3 vampire mosquito zombies
  A cyclops zombie (D:12)
  2 wolf zombies (Lair:2)
  5 centaur zombies
  3 wyvern zombies
  2 blink frog zombies (Lair:6)
  7 bullfrog zombies
  A dream sheep zombie (Lair:5)
  An elephant zombie (Lair:6)
  4 komodo dragon zombies
  A polar bear zombie (Lair:6)
  10 water moccasin zombies
  9 yak zombies
  6 human zombies
  An acid dragon zombie (D:10)
  A basilisk zombie (Lair:2)
  3 bat zombies
  A troll zombie (D:13)
  2 adder zombies
  3 giant cockroach zombies
  2 gnoll zombies (D:6)
  3 goblin zombies (D:3)
  2 hobgoblin zombies (D:4)
  A hound zombie (D:5)
  3 killer bee zombies
  3 kobold zombies
  A necrophage skeleton (D:6)
  An ogre zombie (D:6)
  22 orc zombies
  2 quokka zombies (D:6)
  A rat zombie (Sewer)
  A river rat zombie (Sewer)
  A scorpion zombie (D:6)
  A sky beast zombie (D:6)
  A worm zombie (D:6)
  40 fungi
  61 plants
  14 withered plants (Lair:6)
267 creatures vanquished.

Grand Total: 821 creatures vanquished

Notes
Turn   | Place    | Note
-------+----------+-------------------------------------------
     0 | D:1      | heikuro the Formicid Fighter began the quest for the Orb.
     0 | D:1      | Reached XP level 1. HP: 18/18 MP: 1/1
   116 | D:1      | Reached XP level 2. HP: 24/24 MP: 2/2
   932 | D:1      | Reached XP level 3. HP: 29/29 MP: 3/3
  1236 | D:1      | Found a faded altar of an unknown god.
  1251 | D:1      | Became a worshipper of Yredelemnul the Dark
  1251 | D:1      | Reached * piety under Yredelemnul
  1896 | D:2      | Noticed Natasha
  1906 | D:2      | Killed Natasha
  1907 | D:2      | Reached skill level 3 in Long Blades
  1907 | D:2      | Reached XP level 4. HP: 21/37 MP: 4/4
  2338 | D:2      | Noticed Natasha
  2346 | D:2      | Killed Natasha
  2347 | D:2      | Reached XP level 5. HP: 24/42 MP: 5/5
  2431 | D:2      | Noticed Natasha
  2437 | D:2      | Killed Natasha
  2639 | D:2      | Noticed Jessica
  2656 | D:2      | Killed Jessica
  3215 | D:3      | Reached XP level 6. HP: 33/48 MP: 6/6
  3428 | D:3      | Reached ** piety under Yredelemnul
  3841 | D:4      | Noticed Dowan
  3854 | D:4      | Noticed Duvessa
  4105 | D:3      | Reached skill level 4 in Long Blades
  4274 | D:3      | Killed Dowan
  4275 | D:3      | Reached skill level 1 in Invocations
  4278 | D:3      | Killed Duvessa
  4279 | D:3      | Reached XP level 7. HP: 10/55 MP: 6/8
  4775 | D:4      | Reached skill level 5 in Shields
  4847 | D:4      | Noticed Blork the orc
  4858 | D:4      | Noticed Edmund
  4861 | D:4      | Killed Blork the orc
  4862 | D:4      | Reached skill level 5 in Long Blades
  4905 | D:3      | Killed Edmund
  4906 | D:3      | Reached skill level 5 in Fighting
  4906 | D:3      | Reached skill level 5 in Armour
  4906 | D:3      | Reached XP level 8. HP: 16/62 MP: 8/10
  5477 | D:5      | Entered Level 5 of the Dungeon
  5525 | D:5      | Found Opaiv's Antique Weapon Shop.
  5531 | D:5      | Bought a runed long sword for 143 gold pieces
  5945 | D:5      | Reached skill level 6 in Long Blades
  5975 | D:5      | Reached *** piety under Yredelemnul
  5976 | D:5      | Reached XP level 9. HP: 69/69 MP: 10/12
  6255 | D:5      | Reached skill level 7 in Long Blades
  6822 | D:6      | Found a glowing drain.
  6826 | Sewer    | Entered a sewer
  6931 | Sewer    | Reached **** piety under Yredelemnul
  7155 | Sewer    | Found a white marble altar of Elyvilon.
  7453 | D:6      | Reached skill level 5 in Invocations
  7841 | D:6      | Found a radiant altar of Vehumet.
  7866 | D:6      | Found an ornate altar of the Wu Jian Council.
  8176 | D:6      | Found a staircase to the Ecumenical Temple.
  8211 | Temple   | Entered the Ecumenical Temple
  8426 | D:6      | Reached XP level 10. HP: 61/77 MP: 14/14
  8595 | D:6      | Reached skill level 8 in Long Blades
  8947 | D:7      | Noticed an unseen horror
  8985 | D:7      | Killed an unseen horror
  9016 | D:7      | Received a gift from Yredelemnul (3 flying skulls)
  9399 | D:7      | Reached skill level 9 in Long Blades
  9531 | D:7      | Found a runed translucent door.
  9536 | D:7      | Noticed Spaninq's ghost (novice TrCA)
  9605 | D:8      | Received a gift from Yredelemnul (3 flying skulls)
  9655 | D:8      | Found a stormy altar of Qazlal.
 10796 | D:9      | Noticed a two-headed ogre
 10803 | D:9      | Killed a two-headed ogre
 10804 | D:9      | Reached XP level 11. HP: 86/86 MP: 16/16
 11125 | D:9      | Found the +2 cloak of the Thief {*Fog Slay-2 SInv Stlth+}
 11148 | D:9      | Identified the +1 chain mail "Hutygg" {rCorr Str+2}
 11185 | D:9      | Reached ***** piety under Yredelemnul
 11527 | D:9      | Found a burning altar of Makhleb.
 11647 | D:9      | Received a gift from Yredelemnul (5 flying skulls)
 11819 | D:10     | Entered Level 10 of the Dungeon
 12011 | D:10     | Noticed a two-headed ogre
 12017 | D:10     | Killed a two-headed ogre
 12018 | D:10     | Reached skill level 10 in Long Blades
 12158 | D:10     | Noticed a two-headed ogre
 12162 | D:10     | Killed a two-headed ogre
 12745 | D:11     | Found Lithim Kaec's Book Emporium.
 12782 | D:11     | Found a flickering gateway to a bazaar.
 12792 | Bazaar   | Entered a bazaar
 12811 | Bazaar   | Found Icvari's Magic Scroll Shoppe.
 12817 | Bazaar   | Found Anky's Antique Armour Shop.
 12824 | Bazaar   | Found Viadgh's General Store.
 12831 | Bazaar   | Found Laschoeti's Magic Scroll Shop.
 12854 | Bazaar   | Bought a pair of embroidered gloves for 210 gold pieces
 13229 | D:11     | Found a staircase to the Lair.
 13323 | D:11     | Got the Incunabulum of Venom and the Mountains
 13380 | D:11     | Noticed a boulder beetle
 13394 | D:11     | Killed a boulder beetle
 13821 | D:12     | Noticed FilthyApe's ghost (journeyman MiFi)
 14034 | D:7      | Killed Spaninq's ghost
 14177 | D:12     | Noticed a boulder beetle
 14201 | D:12     | Killed a boulder beetle
 14270 | D:12     | Noticed a two-headed ogre
 14277 | D:12     | Killed a two-headed ogre
 14391 | D:12     | Reached XP level 12. HP: 44/95 MP: 18/18
 14558 | D:12     | Received a gift from Yredelemnul (a mummy)
 14656 | D:12     | Found a staircase to the Orcish Mines.
 14780 | D:12     | Received a gift from Yredelemnul (2 flying skulls)
 14780 | D:12     | Reached skill level 11 in Long Blades
 15091 | D:12     | Found a runed translucent door.
 15309 | D:12     | Noticed Jorgrun
 15324 | D:12     | Killed Jorgrun
 15325 | D:12     | Reached skill level 10 in Shields
 15357 | D:12     | Noticed a two-headed ogre
 15363 | D:12     | Killed a two-headed ogre
 15363 | D:12     | Received a gift from Yredelemnul (a vampire)
 15628 | D:12     | Killed FilthyApe's ghost
 15662 | D:13     | Noticed a centaur warrior
 15675 | D:13     | Noticed a boulder beetle
 15683 | D:13     | Killed a centaur warrior
 15688 | D:13     | Found a gate to the Vaults.
 15688 | D:13     | Noticed a two-headed ogre
 15690 | D:13     | Noticed a centaur warrior
 15716 | D:13     | Received a gift from Yredelemnul (a wight)
 15716 | D:13     | Noticed Urug
 15736 | D:12     | Killed a centaur warrior
 15751 | D:12     | Killed a two-headed ogre
 15968 | D:12     | Killed a boulder beetle
 15969 | D:12     | Reached skill level 12 in Long Blades
 15998 | D:12     | Your ally Jorgrun died
 16038 | D:13     | Killed Urug
 16039 | D:13     | Reached skill level 10 in Fighting
 16039 | D:13     | Reached XP level 13. HP: 28/103 MP: 20/20
 16459 | D:13     | Reached skill level 10 in Armour
 16803 | D:13     | Noticed a centaur warrior
 16933 | D:13     | Killed a centaur warrior
 17000 | D:13     | Noticed a boulder beetle
 17057 | D:13     | Killed a boulder beetle
 17058 | D:13     | Reached skill level 10 in Invocations
 17467 | D:13     | Noticed a centaur warrior
 17483 | D:13     | Killed a centaur warrior
 17484 | D:13     | Reached skill level 1 in Evocations
 17855 | D:13     | Gained mutation: Potions are less effective at restoring
                  | your health. [potion of mutation]
 17855 | D:13     | Gained mutation: You expend magic power (3 MP) to
                  | strengthen your wands. [potion of mutation]
 17855 | D:13     | Gained mutation: You have hidden genetic defects. [potion
                  | of mutation]
 17856 | D:13     | Lost mutation: You have hidden genetic defects. [potion of
                  | mutation]
 17856 | D:13     | Gained mutation: You are somewhat resistant to further
                  | mutation. [potion of mutation]
 17856 | D:13     | Gained mutation: You are covered in fur. (AC +1) [potion of
                  | mutation]
 18077 | D:14     | Noticed a rakshasa
 18088 | D:13     | Received a gift from Yredelemnul (a vampire)
 18120 | D:14     | Noticed a centaur warrior
 18462 | D:14     | Killed a rakshasa
 18700 | D:14     | Killed a centaur warrior
 19326 | D:14     | Identified the +4 fustibalus "Besairergh" {venom, Str+7}
 19493 | D:14     | Found a bloodstained altar of Trog.
 19568 | D:14     | Noticed a centaur warrior
 19578 | D:14     | Killed a centaur warrior
 19697 | D:14     | Reached skill level 1 in Slings
 19705 | D:14     | Found a shadowy altar of Dithmenos.
 19798 | D:13     | Reached skill level 13 in Long Blades
 20172 | Lair:1   | Entered Level 1 of the Lair of Beasts
 22837 | Lair:2   | Found a staircase to the Swamp.
 22934 | Lair:2   | Reached XP level 14. HP: 110/111 MP: 20/22
 23008 | Lair:2   | You fall into a shaft and drop 1 floor!
 23546 | Lair:2   | Received a gift from Yredelemnul (a skeletal warrior)
 24125 | Lair:3   | Found a staircase to the Snake Pit.
 25002 | Lair:3   | Received a gift from Yredelemnul (3 flying skulls)
 26805 | Lair:5   | Reached skill level 14 in Long Blades
 27126 | Lair:5   | Received a gift from Yredelemnul (a phantasmal warrior)
 27138 | Lair:5   | Reached XP level 15. HP: 47/120 MP: 23/23
 27484 | Lair:5   | Received a gift from Yredelemnul (a flayed ghost)
 27495 | Lair:5   | Reached skill level 5 in Slings
 27559 | Lair:5   | Found a staircase to the Slime Pits.
 28183 | Lair:6   | Entered Level 6 of the Lair of Beasts
 28385 | Lair:6   | Found a runed translucent gate.
 28385 | Lair:6   | Found a runed translucent gate.
 28385 | Lair:6   | Found a runed translucent gate.
 28503 | Lair:6   | Noticed varamyr's ghost (journeyman DrFE)
 28503 | Lair:6   | Noticed hydrownug's ghost (journeyman OgWn)
 28503 | Lair:6   | Noticed Tiah's ghost (journeyman TrMo)
 28832 | Lair:5   | Received a gift from Yredelemnul (a vampire)
 31036 | Lair:5   | HP: 5/121 [Tiah's ghost (4)]
 31039 | Lair:5   | Killed hydrownug's ghost
 31042 | Lair:5   | Demolished by Tiah's ghost

Illustrated notes

Levels and vault maps discovered:
D:1:      saegor_arrival_under_anarchy, layout_basic, serial_forest,
          infiniplex_forest_end_1, infiniplex_forest_corner_2,
          infiniplex_forest_straight_5, infiniplex_forest_straight_5,
          infiniplex_forest_lined_2, infiniplex_forest_zigzag_1,
          infiniplex_forest_join, basic_ecumenical_altar
D:2:      layout_basic, minmay_unequal, uniq_jessica, uniq_natasha
D:3:      layout_loops_cross
D:4:      layout_cave_pools, eino_small_chamber_without_monster, minmay_vboxes,
          uniq_edmund, uniq_blork_the_orc, uniq_duvessa
D:5:      minmay_bubble_buster, layout_basic, serial_shops, shop_fountains
D:6:      hangedman_cross_stitches, layout_basic, grunt_temple_overflow_open,
          minmay_temple_entry_mist, gup_sewer_entry_spiral
D:7:      minmay_opposing_rooms, layout_rooms, ebering_ghost_reflecting_pool
D:8:      layout_rooms, kennysheep_mini_moat
D:9:      layout_irregular_city, demons_altar,
          amcnicky_mini_rare_corridor_liquid, minmay_orc_keep
D:10:     layout_loops_ring
D:11:     layout_basic, david_lair_shrubbed, serial_shops, bzr_entry_islet,
          nicolae_inconvenience_store
D:12:     layout_roguey, erik_orc_2, hellmonk_ghost_happy_afterlife,
          uniq_jorgrun
D:13:     layout_long_grid, david_vaults_3
D:14:     layout_rooms, nicolae_dithmenos_the_darkroom, david_defended_altar_orc
Temple:   eino_narrow_crystal_temple
Lair:1:   layout_cave_pods
Lair:2:   layout_cave_pods, swamp_mist
Lair:3:   layout_cave_pods, guppyfry_snake_entry_island
Lair:4:   layout_layer_cave, nicolae_lair_grove_arrangements
Lair:5:   nzn_winding_woodlands_cross
          [nzn_winding_woodlands_5x15_river_crossing,
          nzn_winding_woodlands_5x15_twine, nzn_winding_woodlands_5x15_garden,
          nzn_winding_woodlands_5x15_longhouse,
          nzn_winding_woodlands_15x15_killbox], layout_gridlike,
          nicolae_slime_entry_slimehenge, serial_bayou_shore_a
Lair:6:   due_jungle_book, layout_long_grid, gammafunk_ghost_cemetery,
          grunt_megastairs_3, infiniplex_staircase_pool

Skill      XL: |  1  2  3  4  5  6  7  8  9 10 11 12 13 14 15 |
---------------+----------------------------------------------+-----
Shields        | 4 5 6 7 8 9 10 11 12 13 | 13.2
Long Blades    | 3 4 5 6 7 9 10 12 13 14 | 14.0
Fighting       | 4 5 6 8 9 10 11 12 | 12.2
Armour         | 4 5 6 7 8 9 10 11 12 | 12.2
Invocations    | 1 2 4 5 7 8 9 10 11 12 | 12.3
Evocations     | 2 |  2.2
Slings         | 2 4 6 |  6.4

Action                   |  1- 3 |  4- 6 |  7- 9 | 10-12 | 13-15 || total
-------------------------+-------+-------+-------+-------+-------++-------
Melee: Long sword        |   101 |   143 |   308 |   435 |   928 ||  1915
       Whip              |       |       |    61 |       |       ||    61
       Scimitar          |       |       |       |       |    52 ||    52
 Fire: Fustibalus        |       |       |       |       |   140 ||   140
Throw: Dart              |       |       |       |       |     5 ||     5
Invok: Animate Remains   |     3 |    17 |     9 |       |       ||    29
       Animate Dead      |       |       |    17 |    35 |    69 ||   121
       Recall Undead Sla |       |       |       |     7 |    11 ||    18
       Injury Mirror     |       |       |       |       |     1 ||     1
       Drain Life        |       |       |       |       |     1 ||     1
 Abil: Dig               |       |     1 |     2 |    16 |     8 ||    27
Evoke: Wand              |       |     1 |     1 |     8 |     5 ||    15
       Tin of tremorston |       |       |       |       |     1 ||     1
       Condenser vane    |       |       |       |       |     1 ||     1
  Use: Scroll            |       |       |     2 |    10 |    10 ||    22
       Potion            |       |       |       |       |     5 ||     5
 Stab: Distracted        |       |       |     1 |     5 |    12 ||    18
       Petrified         |       |       |       |       |     9 ||     9
       Petrifying        |       |       |       |       |     2 ||     2
Armor: Scale mail        |    49 |    45 |       |       |       ||    94
       Crystal plate arm |       |    56 |   330 |   368 |   662 ||  1416
Dodge: Dodged            |    47 |    43 |    66 |    79 |   131 ||   366
Block: Buckler           |    23 |    48 |   110 |   208 |   556 ||   945
       Reflection        |       |       |       |     4 |     5 ||     9

Table legend: (Time is in decaauts)
 A = Elapsed time spent in this place.
 B = Non-inter-level travel time spent in this place.
 C = Inter-level travel time spent in this place.
 D = Time resting spent in this place.
 E = Time spent auto-exploring this place.
 F = Levels seen in this place.
 G = Mean time per level.
                   A        B        C        D        E       F      G
               +--------+--------+--------+--------+--------+-----+--------+
         Total |  30982 |  29013 |   1969 |   9437 |  12023 |  23 | 1347.0 |
       Dungeon |  20429 |  18757 |   1672 |   6409 |   7359 |  14 | 1459.2 |
        Temple |    186 |    173 |     13 |      0 |    162 |   1 |  186.0 |
          Lair |   9882 |   9598 |    284 |   2852 |   4353 |   6 | 1647.0 |
        Bazaar |     82 |     82 |      0 |      0 |     20 |   1 |   82.0 |
         Sewer |    401 |    401 |      0 |    176 |    128 |   1 |  401.0 |
               +--------+--------+--------+--------+--------+-----+--------+

Top non-repeatable levels by time:
    D:13: 2987 daAuts
  Lair:5: 2549 daAuts
    D:12: 2373 daAuts
  Lair:6: 1986 daAuts
     D:3: 1860 daAuts
  Lair:1: 1756 daAuts
     D:1: 1691 daAuts
     D:2: 1493 daAuts
  Lair:3: 1420 daAuts
     D:5: 1418 daAuts
     D:6: 1348 daAuts
     D:8: 1260 daAuts
    D:11: 1241 daAuts
     D:9: 1191 daAuts
     D:7: 1167 daAuts
